 Dungeon Crawl Stone Soup version 0.19.0-22-gd96e5fe (console) character file.

4258 nht the Quickloader (level 10, -3/84 HPs)
             Began as a Minotaur Hunter on Nov 18, 2016.
             Was a Believer of Okawaru.
             Killed from afar by a gargoyle (21 damage)
             ... with a stone arrow
             ... on level 8 of the Dungeon.
             The game lasted 00:24:27 (7921 turns).

nht the Quickloader (Minotaur Hunter)               Turns: 7921, Time: 00:24:28

Health: -3/84      AC: 15    Str: 20    XL:     10   Next: 10%
Magic:  8/9        EV:  7    Int:  8    God:    Okawaru [**....]
Gold:   351        SH:  0    Dex: 11    Spells: 0 memorised, 9 levels left

rFire  . . .     SeeInvis .     a - +0 quarterstaff
rCold  . . .     Gourm    .     o - +0 plate armour
rNeg   . . .     Faith    +     (shield currently unavailable)
rPois  .         Spirit   .     (helmet restricted)
rElec  .         Reflect  .     e - +0 cloak (curse)
rCorr  +         Harm     .     (no gloves)
MR     .....                    s - +1 pair of boots
Stlth  ..........               l - amulet of faith
                                (no ring)
                                q - ring of resist corrosion

@: heavily drained
A: retaliatory headbutt, horns 2
a: Heroism, Renounce Religion


You were on level 8 of the Dungeon.
You worshipped Okawaru.
Okawaru was pleased with you.
You were not hungry.

You visited 2 branches of the dungeon, and saw 10 of its levels.
You also visited: Ossuary.

You collected 406 gold pieces.
You spent 28 gold pieces at shops.
You donated 27 gold pieces to Zin.

Inventory:

Hand Weapons
 a - a +0 quarterstaff (weapon)
 b - a +2 hand crossbow
 i - the +7 long sword of the Feather {drain, +Blink rElec MR+ Str-3 Int+4}
   (You took it off a wight on level 8 of the Dungeon)

   A truly terrible weapon, it drains the life of those it strikes.
   It affects your strength (-3).
   It affects your intelligence (+4).
   It insulates you from electricity.
   It affects your resistance to hostile enchantments.
   It lets you blink.
 y - a +0 arbalest
 z - a +0 short sword
Missiles
 d - 7 bolts (quivered)
Armour
 e - a cursed +0 cloak (worn)
 o - a +0 plate armour (worn)
 s - a +1 pair of boots (worn)
Jewellery
 l - an amulet of faith (around neck)
 q - a ring of resist corrosion (left hand)
Wands
 v - a wand of iceblast (5/15)
Scrolls
 h - a scroll of fog
 k - a scroll of enchant weapon
 m - 3 scrolls of identify
 p - 2 scrolls of blinking
 r - 2 scrolls of remove curse
Potions
 c - a potion of curing
Comestibles
 f - 5 bread rations
 g - 3 meat rations
 x - a beef jerky


   Skills:
 - Level 6.9(4.8) Fighting
 + Level 8.7(6.5) Staves
 - Level 10.4(8.1) Crossbows
 - Level 6.3(4.3) Armour
 - Level 6.0(4.0) Dodging
 - Level 0.7(0.0) Stealth


You had 9 spell levels left.
You didn't know any spells.

Dungeon Overview and Level Annotations

Branches:
Dungeon (9/15)             Temple (1/1) D:7
   Lair: D:8-11         Orc: D:9-12

Altars:
Cheibriados
Dithmenos
Elyvilon
Fedhas
Gozag
Hepliaklqana
Makhleb
Nemelex Xobeh
Okawaru
Qazlal
Ru
Uskayaw
Vehumet
Xom
Zin
The Shining One

Shops:
D:4 *


Innate Abilities, Weirdness & Mutations

You reflexively headbutt those who attack you in melee.
You have a pair of horns on your head.


Message History

You headbutt the gargoyle, but do no damage.
The gargoyle is heavily damaged.
The gargoyle hits you with a morningstar.
You hit the gargoyle but do no damage.
The gargoyle is heavily damaged.
The gargoyle hits you with a morningstar!
You hit the gargoyle but do no damage.
You headbutt the gargoyle, but do no damage.
The gargoyle is heavily damaged.
The gargoyle hits you with a morningstar!
You closely miss the gargoyle.
You headbutt the gargoyle, but do no damage.
The gargoyle is heavily damaged.
The gargoyle hurls a stone arrow at you.
The stone arrow hits you!
* * * LOW HITPOINT WARNING * * *
You feel better.
The gargoyle hurls a stone arrow at you.
The stone arrow hits you!
You die...

.██ █.........██ ██........████
..████..........████..████....█..
.>.....██........█...██ ███.....
.......██.[.........████████..█..
....†...██.........███...█....███
.........█...........'...█....██.
.............██......█...████..█.
.......[█...████..█..█████ █....
............███.@9█.....█ ██....
........(.....[[█)██...██ █.....
...........█.████..█████ ███.....
...........███**█.Y█** ██...███.
....██████.█ *,.....* █...██ █.
....█ █.█***......█**█..██ █.
...██ ███*,.........*████** ██
...█ ***..........█***,,**█.
..)██ *██*,...........[.**,.....


You could see a yak and a gargoyle.

Vanquished Creatures
  A two-headed ogre (D:6)
  A hippogriff (D:7)
  A wyvern (D:8)
  Edmund (D:5)
  4 ice beasts
  3 orc warriors
  A phantom (D:8)
  3 sky beasts
  3 ogres
  2 elf zombies (Ossuary)
  3 bullfrogs
  2 scorpions
  7 killer bees (D:8)
  14 wights
  A howler monkey (D:5)
  2 crimson imps
  A centaur zombie (Ossuary)
  A bullfrog zombie (D:6)
  7 orc priests
  Crazy Yiuf (D:7)
  A bullfrog skeleton (D:5)
  2 jellies
  A human zombie (Ossuary)
  4 orc wizards
  4 worker ants
  An iguana (D:8)
  A big kobold zombie (Ossuary)
  A hound skeleton (D:8)
  2 mummies (Ossuary)
  2 worker ant zombies (D:5)
  8 adders
  2 shadow imps (D:5)
  An adder skeleton (D:7)
  2 worms
  3 dart slugs
  6 leopard geckos
  16 orcs
  A ball python (D:3)
  7 bats
  6 giant cockroaches
  7 goblins
  7 hobgoblins
  5 jackals
  A quokka (D:7)
  6 frilled lizards
  A goblin zombie (D:5)
  9 hobgoblin zombies (Ossuary)
  A jackal zombie (Ossuary)
  9 kobolds
  16 kobold zombies (Ossuary)
  4 orc zombies (Ossuary)
  2 quokka skeletons
  A quokka zombie (D:5)
  8 rats
  A rat zombie (Ossuary)
208 creatures vanquished.

Notes
Turn   | Place    | Note
-------+----------+-------------------------------------------
     0 | D:1      | nht the Minotaur Hunter began the quest for the Orb.
     0 | D:1      | Reached XP level 1. HP: 18/18 MP: 0/0
   115 | D:1      | Reached XP level 2. HP: 25/25 MP: 1/1
   161 | D:1      | Reached skill level 5 in Crossbows
   634 | D:2      | Reached XP level 3. HP: 30/30 MP: 2/2
   869 | D:2      | Reached skill level 6 in Crossbows
   888 | D:2      | Reached XP level 4. HP: 37/37 MP: 3/3
  1675 | D:3      | Noticed a sky beast
  1687 | D:3      | Killed a sky beast
  1687 | D:3      | Reached skill level 7 in Crossbows
  1687 | D:3      | Reached XP level 5. HP: 42/42 MP: 4/4
  1738 | D:3      | Reached skill level 8 in Crossbows
  1747 | D:3      | Reached XP level 6. HP: 28/50 MP: 5/5
  1948 | D:3      | Found a faded altar of an unknown god.
  2081 | D:3      | Became a worshipper of Zin the Law-Giver
  2081 | D:3      | Reached * piety under Zin
  2081 | D:3      | Reached ** piety under Zin
  3018 | D:4      | Found Pousepsete's General Store.
  3020 | D:4      | Bought a scroll of identify for 28 gold pieces
  3092 | D:5      | Entered Level 5 of the Dungeon
  3106 | D:5      | Found a sand-covered staircase.
  3126 | Ossuary  | Entered an ossuary
  3140 | Ossuary  | Reached *** piety under Zin
  3245 | Ossuary  | Reached skill level 9 in Crossbows
  3276 | Ossuary  | Reached XP level 7. HP: 20/56 MP: 6/6
  3279 | Ossuary  | Reached **** piety under Zin
  3434 | D:5      | Reached skill level 10 in Crossbows
  3614 | D:5      | Reached skill level 1 in Armour
  3727 | D:5      | Noticed Edmund
  4111 | D:5      | Reached XP level 8. HP: 32/66 MP: 7/7
  4459 | D:5      | Killed Edmund
  4711 | D:6      | Noticed a two-headed ogre
  4714 | D:6      | Killed a two-headed ogre
  4714 | D:6      | Reached skill level 5 in Fighting
  5282 | D:5      | Reached skill level 5 in Dodging
  5315 | D:6      | HP: 3/70 [orc warrior/halberd (15)]
  5319 | D:6      | Reached skill level 5 in Armour
  5661 | D:6      | Reached XP level 9. HP: 75/75 MP: 6/8
  6086 | D:7      | Found a staircase to the Ecumenical Temple.
  6095 | Temple   | Entered the Ecumenical Temple
  6115 | Temple   | Fell from the grace of Zin
  6115 | Temple   | Became a worshipper of Warmaster Okawaru
  6223 | D:7      | Found a runed door.
  6258 | D:7      | Noticed Crazy Yiuf
  6262 | D:7      | Killed Crazy Yiuf
  6786 | D:8      | Reached skill level 1 in Staves
  6939 | D:8      | Reached * piety under Okawaru
  6939 | D:8      | Reached skill level 5 in Staves
  7390 | D:8      | Reached XP level 10. HP: 43/84 MP: 9/9
  7501 | D:8      | Reached ** piety under Okawaru
  7894 | D:8      | Got a crystal long sword {drain}
  7895 | D:8      | Identified the +7 long sword of the Feather {drain, +Blink rElec MR+ Str-3 Int+4} (You took it off a wight on level 8 of the Dungeon)
  7898 | D:8      | Noticed a gargoyle
  7921 | D:8      | Killed from afar by a gargoyle

Skill      XL: |  1  2  3  4  5  6  7  8  9 |
---------------+----------------------------+-----
Crossbows      | 5 6 7 8 9 10 | 10.4
Fighting       | 3 6 |  6.9
Armour         | 2 5 6 |  6.3
Dodging        | 3 5 6 |  6.0
Staves         | 8 |  8.7
Stealth        | |  0.7

Action                   |  1- 3 |  4- 6 |  7- 9 | 10-12 || total
-------------------------+-------+-------+-------+-------++-------
Melee: Flail             |       |    74 |    98 |       ||   172
       Headbutt          |       |    13 |    52 |    17 ||    82
       Short sword       |       |       |    19 |       ||    19
       Quarterstaff      |       |       |    96 |    56 ||   152
       Dire flail        |       |       |    28 |       ||    28
 Fire: Hand crossbow     |    72 |   119 |   120 |     4 ||   315
Invok: Recite            |       |     1 |     7 |       ||     8
       Vitalisation      |       |     1 |     5 |       ||     6
       Heroism           |       |       |       |     2 ||     2
Evoke: Wand              |       |       |    24 |     2 ||    26
  Use: Scroll            |       |     9 |     9 |     2 ||    20
       Potion            |       |     3 |     8 |     1 ||    12
  Eat: Chunk             |       |     6 |    10 |     3 ||    19
       Fruit             |       |       |     1 |       ||     1
       Beef jerky        |       |       |     2 |       ||     2
Armor: Leather armour    |     4 |       |       |       ||     4
       Plate armour      |       |   101 |   210 |    25 ||   336
Dodge: Dodged            |    14 |    47 |   129 |    26 ||   216
